 Dungeon Crawl Stone Soup version 0.26.1-11-gd32895ea62 (webtiles) character file.

Game seed: 17529407673389574612

1802 Zeld the Ducker (level 9, -6/69 HPs)
             Began as a Gnoll Wanderer on Sept 1, 2021.
             Was a Follower of Uskayaw.
             Mangled by a two-headed ogre
             ... wielding a +0 giant club
              (19 damage)
             ... on level 9 of the Dungeon.
             The game lasted 00:09:49 (8672 turns).

Zeld the Ducker (Gnoll Wanderer)                    Turns: 8672, Time: 00:09:49

Health: -6/69      AC:  3    Str: 19    XL:     9   Next: 9%
Magic:  14/14      EV: 16    Int: 24    God:    Uskayaw [*.....]
Gold:   440        SH:  0    Dex: 16    Spells: 15/15 levels left

rFire    . . .     SeeInvis .   a - +10 war axe of Stained Valiance {vorpal, *Corrode rElec Str+4 Int+8}
rCold    . . .     Faith    .   (no shield)
rNeg     + . .     Spirit   .   d - +0 robe
rPois    .         Reflect  .   (no helmet)
rElec    +         Harm     .   h - +0 cloak
rCorr    .         Rampage  .   (no gloves)
Will     +++..     Clarity  +   (no boots)
Stlth    +++.......             z - amulet of the Four Winds {rN+ Will+++ Clar}
HPRegen  0.21/turn              (no ring)
MPRegen  0.14/turn              (no ring)

@: about to teleport
A: distributed training, fangs 1, strong nose
a: Renounce Religion, Stomp


You were on level 9 of the Dungeon.
You worshipped Uskayaw.
Uskayaw was noncommittal.
You visited 2 branches of the dungeon, and saw 9 of its levels.

You collected 440 gold pieces.

Inventory:

Hand Weapons
 a - the +10 war axe of Stained Valiance (weapon) {vorpal, *Corrode rElec Str+4 Int+8}
   (You found it on level 4 of the Dungeon)

   It inflicts extra damage upon your enemies.
   It affects your strength (+4).
   It affects your intelligence (+8).
   It insulates you from electricity.
   It may corrode you when you take damage.
Missiles
 e - 60 poisoned darts
 g - 165 stones (quivered)
Armour
 d - a +0 robe (worn)
 h - a +0 cloak (worn)
Jewellery
 c - a +4 ring of evasion {unknown}
 q - a +4 ring of evasion {unknown}
 r - an uncursed ring of fire {unknown}
 u - a cursed ring of teleportation {unknown}
 w - an uncursed ring of protection from cold {unknown}
 y - an uncursed ring of see invisible {unknown}
 z - the amulet of the Four Winds (around neck) {rN+ Will+++ Clar}
   (You found it on level 6 of the Dungeon)

   [amulet of nothing]

   It protects you from negative energy.
   It affects your willpower, your defense against some magical effects.
   It protects you against confusion.
Wands
 m - a wand of digging (3)
 n - a wand of polymorph (14)
 p - a wand of flame (16)
 t - a wand of acid (3)
Scrolls
 b - 2 scrolls of random uselessness {unknown}
 f - 8 scrolls of identify {unknown}
 k - 5 scrolls of remove curse {unknown}
 o - a scroll of magic mapping {unknown}
 s - 3 scrolls of teleportation
 v - 2 scrolls of fog {unknown}
 x - a scroll of fear {unknown}
 B - a scroll of enchant weapon {unknown}
 D - a scroll of vulnerability {unknown}
Potions
 i - 4 potions of curing
 j - a potion of magic {unknown}
 l - a potion of degeneration {unknown}
 A - a potion of heal wounds {unknown}
 E - a potion of might {unknown}
Miscellaneous
 C - a condenser vane


   Skills:
 + Level 6.1 Fighting
 + Level 3.9 Short Blades
 + Level 3.9 Long Blades
 + Level 3.9 Axes
 + Level 3.9 Maces & Flails
 + Level 6.1 Polearms
 + Level 3.9 Staves
 + Level 3.9 Slings
 + Level 3.9 Bows
 + Level 3.9 Crossbows
 + Level 3.9 Throwing
 + Level 3.9 Armour
 + Level 6.1 Dodging
 + Level 4.6 Stealth
 + Level 4.7 Shields
 + Level 4.7 Unarmed Combat
 + Level 3.9 Spellcasting
 + Level 3.2 Conjurations
 + Level 3.2 Hexes
 + Level 3.2 Summonings
 + Level 3.2 Necromancy
 + Level 3.2 Translocations
 + Level 3.2 Transmutations
 + Level 3.2 Fire Magic
 + Level 3.2 Ice Magic
 + Level 3.2 Air Magic
 + Level 3.2 Earth Magic
 + Level 3.2 Poison Magic
 + Level 4.3 Invocations
 + Level 4.7 Evocations


You had 15 spell levels left.
You didn't know any spells.
Your spell library contained the following spells:

 Spells                   Type           Power        Failure   Level
 Magic Dart               Conj           80%          2%          1
 Blink                    Tloc           N/A          4%          2
 Call Imp                 Summ           20%          4%          2
 Slow                     Hex            20%          4%          2
 Conjure Flame            Conj/Fire      20%          8%          3
 Mephitic Cloud           Conj/Pois/Air  20%          8%          3
 Animate Dead             Necr           10%          26%         4
 Borgnjor's Vile Clutch   Necr/Erth      10%          58%         5
 Death Channel            Necr           10%          99%         6
 Simulacrum               Ice/Necr       10%          99%         6


Dungeon Overview and Level Annotations

Branches:
Dungeon (7/15)             Temple (1/1) D:4

Altars:
Ashenzari
Cheibriados
Dithmenos
Elyvilon
Gozag
Makhleb
Nemelex Xobeh
Okawaru
Qazlal
Ru
Sif Muna
Uskayaw
Vehumet
Wu Jian
Xom
Zin
The Shining One

Annotations:
D:6 2 runed translucent doors


Innate Abilities, Weirdness & Mutations

Your experience applies equally to all skills.
You have very sharp teeth.
Your uncanny sense of smell can sniff out nearby items.


Message History

You can now pass through a line of other dancers.
You completely miss the iguana. You hit the two-headed ogre.
The two-headed ogre closely misses you.
The two-headed ogre hits you with a +0 giant club!!
* * * LOW HITPOINT WARNING * * *
The iguana bites you!
* * * LOW HITPOINT WARNING * * *
The iguana bites you.
* * * LOW HITPOINT WARNING * * *
You can no longer pass through a line of other dancers.
Okay, then.
Okay, then.
Okay, then.
Okay, then.
It was a potion of curing.
You feel better. The two-headed ogre closely misses you.
The two-headed ogre misses you.
As you read the scroll of teleportation, it crumbles to dust.
You feel strangely unstable.
The two-headed ogre hits you with a +0 giant club!!
You die...

#. # # ##. .#. ..
#.# ## .## #.##
#.###.# #..#
####..#..######..#.#
......<...l......#.#
##.....#####...#.#
#.## ∆
##...########@#.#
#...###
##........lO...#
.?#...
###########...#
##....# #...###....#
#..........#
#.#.###...## .#
#.#.....#..##.#
..######.#..#.# .###
#.##.#O#


You could see a two-headed ogre and an iguana.

Vanquished Creatures
  2 ice beasts
  4 ogres
  A phantom (D:6)
  A centaur (D:6)
  4 bullfrogs
  A water moccasin skeleton (D:5)
  2 scorpions
  A howler monkey (D:6)
  A hound (D:6)
  2 jellies
  Crazy Yiuf (D:3)
  An orc priest (D:3)
  An orc wizard (D:3)
  A centaur skeleton (D:6)
  An iguana (D:6)
  2 bullfrog skeletons
  Natasha (thrice) (D:2)
  A worker ant (D:4)
  A hound skeleton (D:5)
  7 gnolls
  9 adders
  A shadow imp (D:6)
  A white imp (D:6)
  An ooze (D:1)
  2 worms
  5 dart slugs
  4 leopard geckos
  6 orcs
  2 ball pythons
  7 bats
  6 giant cockroaches
  7 goblins
  10 hobgoblins
  4 jackals (D:6)
  7 kobolds
  6 quokkas
  5 frilled lizards
  A quokka skeleton (D:6)
  10 rats
132 creatures vanquished.

Vanquished Creatures (others)
  A withered plant (D:9)
1 creature vanquished.

Grand Total: 133 creatures vanquished

Notes
Turn   | Place    | Note
-------+----------+-------------------------------------------
     0 | D:1      | Zeld the Gnoll Wanderer began the quest for the Orb.
     0 | D:1      | Zeld set off with the following items: a +2 spear, a scroll
                  | of teleportation, a potion of lignification, a +0 robe
     0 | D:1      | Reached XP level 1. HP: 20/20 MP: 1/1
    78 | D:1      | Reached XP level 2. HP: 25/26 MP: 2/2
   601 | D:1      | Reached XP level 3. HP: 31/31 MP: 3/3
  1211 | D:2      | Reached skill level 1 in Invocations
  1341 | D:2      | Found a stormy altar of Qazlal.
  1354 | D:2      | Reached skill level 1 in Short Blades
  1354 | D:2      | Reached skill level 1 in Long Blades
  1354 | D:2      | Reached skill level 1 in Axes
  1354 | D:2      | Reached skill level 1 in Maces & Flails
  1354 | D:2      | Reached skill level 1 in Staves
  1354 | D:2      | Reached skill level 1 in Slings
  1354 | D:2      | Reached skill level 1 in Bows
  1354 | D:2      | Reached skill level 1 in Crossbows
  1354 | D:2      | Reached skill level 1 in Throwing
  1354 | D:2      | Reached skill level 1 in Armour
  1354 | D:2      | Reached skill level 1 in Spellcasting
  1544 | D:2      | Noticed Natasha
  1957 | D:2      | Reached XP level 4. HP: 38/38 MP: 5/5
  2203 | D:2      | Killed Natasha
  2204 | D:2      | Reached skill level 1 in Conjurations
  2204 | D:2      | Reached skill level 1 in Hexes
  2204 | D:2      | Reached skill level 1 in Summonings
  2204 | D:2      | Reached skill level 1 in Necromancy
  2204 | D:2      | Reached skill level 1 in Translocations
  2204 | D:2      | Reached skill level 1 in Transmutations
  2204 | D:2      | Reached skill level 1 in Fire Magic
  2204 | D:2      | Reached skill level 1 in Ice Magic
  2204 | D:2      | Reached skill level 1 in Air Magic
  2204 | D:2      | Reached skill level 1 in Earth Magic
  2204 | D:2      | Reached skill level 1 in Poison Magic
  2457 | D:2      | Noticed Natasha
  2471 | D:2      | Killed Natasha
  2472 | D:2      | Reached XP level 5. HP: 36/43 MP: 5/7
  2520 | D:2      | Found a stormy altar of Qazlal.
  2817 | D:2      | Noticed Natasha
  2824 | D:2      | Killed Natasha
  3550 | D:3      | Found a runed translucent door.
  3551 | D:3      | Noticed Crazy Yiuf
  3848 | D:3      | Reached XP level 6. HP: 45/50 MP: 8/8
  3906 | D:3      | Found a hide-covered altar of Uskayaw.
  3914 | D:3      | Found a sacrificial altar of Ru.
  3946 | D:3      | Became a worshipper of Uskayaw the Reveller
  4032 | D:3      | Reached * piety under Uskayaw
  4039 | D:3      | Reached ** piety under Uskayaw
  4273 | D:3      | Killed Crazy Yiuf
  4274 | D:3      | Reached skill level 5 in Fighting
  4274 | D:3      | Reached skill level 5 in Polearms
  4274 | D:3      | Reached skill level 5 in Dodging
  5327 | D:4      | Found an opulent altar of Gozag.
  5407 | D:4      | Found a staircase to the Ecumenical Temple.
  5414 | Temple   | Entered the Ecumenical Temple
  5778 | D:4      | Got a steaming war axe
  5779 | D:4      | Identified the +10 war axe of Stained Valiance {vorpal,
                  | *Corrode rElec Str+4 Int+8} (You found it on level 4 of the
                  | Dungeon)
  5823 | D:5      | Entered Level 5 of the Dungeon
  6165 | D:5      | Reached XP level 7. HP: 50/56 MP: 10/10
  6337 | D:5      | Found a snail-covered altar of Cheibriados.
  6764 | D:6      | Reached *** piety under Uskayaw
  6819 | D:6      | Found a sparkling altar of Nemelex Xobeh.
  6940 | D:6      | Reached XP level 8. HP: 34/63 MP: 12/12
  7110 | D:6      | Found a large runed translucent door.
  7110 | D:6      | Found a large runed translucent door.
  7117 | D:6      | Found a large runed translucent door.
  7117 | D:6      | Found a large runed translucent door.
  7123 | D:6      | Found the amulet of the Four Winds {rN+ Will+++ Clar}
  8410 | D:7      | You fall into a shaft and drop 2 floors!
  8415 | D:9      | Reached XP level 9. HP: 69/69 MP: 14/14
  8611 | D:9      | Noticed a two-headed ogre
  8642 | D:9      | HP: 2/69 [iguana (6)]
  8672 | D:9      | Mangled by a two-headed ogre

Illustrated notes

Levels and vault maps discovered:
D:1:      lightli_arrival_statue_moat, layout_basic, serial_bayou_pond_c
D:2:      layout_basic, nicolae_qazlal_general_emergency, uniq_natasha
D:3:      layout_rooms, lemuel_crystal_altar, lemuel_doored_altar,
          chequers_serial_rivers_micro_a, uniq_crazy_yiuf_cottage
D:4:      layout_basic, minmay_temple_entry_enclosed_plants,
          grunt_gozag_breadcrumbs
D:5:      layout_rooms, basic_altar
D:6:      layout_cave_pools, nemelex_xobeh_ov_fountains_minmay,
          minmay_hollow_rounded_squares
D:7:      layout_basic, grunt_temple_overflow_growth_and_decay,
          yredelemnul_altar_generic, kennysheep_mini_moat,
          chequers_temple_overflow_statue_of_worship, uniq_harold
D:9:      layout_loops_ring, serial_undead, serial_undead_a, serial_undead_f,
          serial_undead_b, serial_undead_c
Temple:   oiseaux_autumnal_temple

Skill      XL: |  1  2  3  4  5  6  7  8 |
---------------+-------------------------+-----
Invocations    | 1 2 3 4 |  4.3
Short Blades   | 1 2 3 |  3.9
Long Blades    | 1 2 3 |  3.9
Axes           | 1 2 3 |  3.9
Maces & Flails | 1 2 3 |  3.9
Staves         | 1 2 3 |  3.9
Slings         | 1 2 3 |  3.9
Bows           | 1 2 3 |  3.9
Crossbows      | 1 2 3 |  3.9
Throwing       | 1 2 3 |  3.9
Armour         | 1 2 3 |  3.9
Spellcasting   | 1 2 3 |  3.9
Conjurations   | 1 2 3 |  3.2
Hexes          | 1 2 3 |  3.2
Summonings     | 1 2 3 |  3.2
Necromancy     | 1 2 3 |  3.2
Translocations | 1 2 3 |  3.2
Transmutations | 1 2 3 |  3.2
Fire Magic     | 1 2 3 |  3.2
Ice Magic      | 1 2 3 |  3.2
Air Magic      | 1 2 3 |  3.2
Earth Magic    | 1 2 3 |  3.2
Poison Magic   | 1 2 3 |  3.2
Shields        | 3 4 |  4.7
Unarmed Combat | 3 4 |  4.7
Evocations     | 3 4 |  4.7
Stealth        | 3 4 |  4.6
Fighting       | 5 6 |  6.1
Polearms       | 5 6 |  6.1
Dodging        | 5 6 |  6.1

Action                   |  1- 3 |  4- 6 |  7- 9 || total
-------------------------+-------+-------+-------++-------
Melee: Spear             |   116 |   217 |       ||   333
       Bite              |     6 |    24 |     7 ||    37
       Punch             |     3 |     3 |       ||     6
       War axe           |       |     7 |    88 ||    95
       Unarmed           |       |     5 |       ||     5
Throw: Stone             |     8 |       |       ||     8
  Use: Scroll            |     1 |     2 |     1 ||     4
       Potion            |       |       |     1 ||     1
 Stab: Sleeping          |     5 |     8 |     7 ||    20
       Distracted        |     2 |       |       ||     2
       Confused          |       |     2 |       ||     2
       Paralysed         |       |       |     2 ||     2
Armor: Robe              |    13 |    20 |    12 ||    45
Dodge: Dodged            |    59 |   145 |    57 ||   261
